 Dungeon Crawl Stone Soup version 0.15.0-29-ga8e3430 (webtiles) character file.

6044 Psiweapon the Grappler (level 10, -7/78 HPs)
             Began as a Gargoyle Transmuter on Sept 11, 2014.
             Was a Believer of Cheibriados.
             Mangled by a black mamba (10 damage)
             ... on Level 2 of the Lair of Beasts on Sept 12, 2014.
             The game lasted 00:53:18 (9255 turns).

Psiweapon the Grappler (Gargoyle Transmuter)        Turns: 9255, Time: 00:53:18

HP  -7/78        AC  9     Str 19      XL: 10   Next: 87%
MP  13/16        EV 10     Int 19      God: Cheibriados [**....]
Gold 377         SH  0     Dex 18      Spells:  2 memorised,  8 levels left

rFire  . . .     SeeInvis .       - Unarmed
rCold  + + +     Clarity  .     w - melded +3 leather armour
rNeg   + . .     rCorr    .     (shield currently unavailable)
rPois  +         rRot     +     (helmet currently unavailable)
rElec  .         Spirit   .     i - melded +2 cloak
SustAb .         Warding  .     (gloves currently unavailable)
rMut   .         Stasis   +     P - melded +2 pair of boots "Niotuit" {Str+3}
Gourm  .                        Y - amulet of stasis
MR     .....                    M - ring of protection from fire
                                E - +3 ring of protection

@: ice-form, very slow, not resistant to hostile enchantments, unstealthy
A: (hooves 0), rugged brown scales 1, negative energy resistance 1, (electricity
resistance), (unbreathing), petrification resistance, rot immunity, AC +7
a: End Transformation, Bend Time, Renounce Religion


You were on level 2 of the Lair of Beasts.
You worshipped Cheibriados.
Cheibriados was pleased with you.
You were not hungry.
You were a creature of crystalline ice.
You visited 3 branches of the dungeon, and saw 11 of its levels.

You collected 455 gold pieces.
You spent 78 gold pieces at shops.

Inventory:

Hand weapons
 t - a +0 hunting sling
 H - a +1 flail of crushing
Missiles
 e - 15 arrows of frost
 A - 4 poisoned needles
 C - 33 arrows
 R - 15 sling bullets
 V - a throwing net (quivered)
Armour
 i - a +2 cloak (melded)
 w - a +3 leather armour (melded)
 P - the +2 pair of boots "Niotuit" (melded) {Str+3}
   (You found it on level 4 of the Dungeon)

   It affects your strength (+3).
 W - a +2 chain mail of magic resistance
Magical devices
 F - a wand of flame (6)
 G - a wand of frost (8)
 X - a wand of magic darts (17)
Comestibles
 a - 12 bread rations
 c - a royal jelly
 h - 2 fruits
 j - 5 meat rations
 u - a slice of pizza
 K - a beef jerky
Scrolls
 b - a scroll of immolation {unknown}
 f - a scroll of teleportation {unknown}
 g - a scroll of random uselessness {unknown}
 l - a scroll of brand weapon {unknown}
 n - 2 scrolls of magic mapping {unknown}
 q - 3 scrolls of remove curse
 y - a scroll of amnesia
 Z - a scroll of fog
Jewellery
 E - a +3 ring of protection (left paw)
 I - an uncursed ring of see invisible
 M - a ring of protection from fire (right paw)
 Q - an uncursed ring of teleportation
 T - an uncursed ring of positive energy
 Y - an amulet of stasis (around neck)
Potions
 k - 2 potions of beneficial mutation {unknown}
 m - 2 potions of curing {unknown}
 o - a potion of cure mutation {unknown}
 p - a potion of resistance {unknown}
 r - 2 potions of agility {unknown}
 s - 3 potions of heal wounds
 v - 4 potions of brilliance {unknown}
 x - a potion of confusion {unknown}
 z - a potion of might
 B - a potion of mutation {unknown}
 D - a potion of berserk rage {unknown}
 J - a potion of invisibility {unknown}
 L - a potion of cancellation {unknown}
 N - 2 potions of flight
 O - 2 potions of magic
 S - a potion of restore abilities
Books
 d - a book of Changes

   Spells                             Type                      Level
   *Beastly Appendage                 Transmutation                1
   Sticks to Snakes                   Transmutation                2
   Spider Form                        Transmutation/Poison         3
   *Ice Form                          Ice/Transmutation            4
   Blade Hands                        Transmutation                5
Miscellaneous
 U - a lantern of shadows


   Skills:
 - Level 8.3 Fighting
 - Level 5.1 Armour
 - Level 1.5 Dodging
 - Level 10.5 Unarmed Combat
 - Level 2.0 Spellcasting
 + Level 5.2 Transmutations
 + Level 5.9 Ice Magic


You had 8 spell levels left.
You knew the following spells:

 Your Spells              Type           Power        Failure   Level  Hunger
a - Beastly Appendage     Trmt           ###...       1%          1    #......
b - Ice Form              Ice/Trmt       ###.....     17%         4    #####..


Dungeon Overview and Level Annotations

Branches:
Dungeon (8/15)             Temple (1/1) D:7            Lair (2/8) D:8

Altars:
Ashenzari
Cheibriados
Elyvilon
Kikubaaqudgha
Okawaru
Qazlal
Sif Muna
Trog
Xom
Zin
The Shining One

Shops:
D:8 *


Innate Abilities, Weirdness & Mutations

You are resistant to torment.
You are immune to poison.
((Your stone body is very resilient (AC +7).))
You resist negative energy.
((You are resistant to electric shocks.))
((You can survive without breathing.))
You are immune to petrification.
You are immune to rotting.
((You have large cloven feet.))
(You are partially covered in rugged brown scales (AC +1, +3% HP).)


Message History

The black mamba is moderately wounded.
The sheep bites you.
The sheep bites the fungus.
The black mamba bites you.
The sheep bites the fungus!
The fungus is destroyed!
You pummel the black mamba!!
The black mamba seems to slow down.
You freeze the black mamba.
The black mamba is almost dead.
The sheep bites you. The black mamba bites you.
You closely miss the black mamba.
The black mamba is almost dead.
The green rat bites you.
* * * LOW HITPOINT WARNING * * *
The sheep closely misses you. The black mamba bites you!
* * * LOW HITPOINT WARNING * * *
You hit the black mamba but do no damage.
The black mamba is almost dead.
The green rat bites you.
* * * LOW HITPOINT WARNING * * *
The black mamba bites you!
You die... ... ........+ ........... ..........#.. ............. ....rr...# .rrYY..

#YrS+# ######Y..#
##.##.#.#.#
#........##
##........P#
###.........+....
###..............P.
####....P........#.##.
##.#%...##.........##
....%.####.......>##


You could see a black mamba, 3 sheep and 5 green rats.

Vanquished Creatures
  Joseph (D:7)
  3 spiny frogs
  A komodo dragon (Lair:2)
  4 blink frogs
  A basilisk (Lair:1)
  A spriggan (D:7)
  A hungry ghost (D:7)
  A porcupine (Lair:2)
  3 sky beasts
  3 water moccasins (Lair:1)
  5 ogres
  A phantom (D:4)
  4 centaurs
  Sigmund (D:7)
  Duvessa (D:4)
  A crocodile (Lair:1)
  A giant frog (Lair:2)
  2 scorpions
  A centaur zombie (D:6)
  Dowan (D:4)
  A goliath beetle (D:7)
  A crimson imp (D:4)
  5 hounds
  A jelly (D:6)
  3 orc priests
  10 orc wizards
  A giant frog skeleton (D:6)
  3 worker ants
  Natasha (thrice) (D:4)
  A gnoll shaman (D:4)
  4 iguanas
  A sheep (Lair:2)
  Ijyb (D:2)
  Jessica (D:3)
  An ogre skeleton (D:4)
  Terence (D:2)
  A hound skeleton (D:8)
  A worker ant zombie (D:5)
  7 gnolls
  15 adders
  18 green rats (Lair:2)
  A shadow imp (D:5)
  5 worms
  A gnoll skeleton (D:6)
  An adder skeleton (D:6)
  An ooze (D:6)
  23 orcs
  18 bats
  4 giant cockroaches
  8 hobgoblins
  9 jackals
  7 quokkas
  4 giant geckos
  10 giant newts
  A giant spore (D:8)
  15 goblins
  A hobgoblin skeleton (D:4)
  20 kobolds
  An orc skeleton (D:5)
  A quokka skeleton (D:4)
  12 rats
  9 ballistomycetes
  2 butterflies (D:7)
  2 fungi (D:8)
273 creatures vanquished.

Vanquished Creatures (others)
  A centaur (D:6)
  2 adder skeletons (D:6)
  A giant newt (D:6)
  A giant spore (D:7)
  A rat (D:6)
  A ballistomycete (D:7)
  A fungus (Lair:2)
8 creatures vanquished.

Grand Total: 281 creatures vanquished

Notes
Turn   | Place    | Note
--------------------------------------------------------------
     0 | D:1      | Psiweapon, the Gargoyle Transmuter, began the quest for the Orb.
     0 | D:1      | Reached XP level 1. HP: 12/12 MP: 3/3
   310 | D:1      | Reached XP level 2. HP: 14/16 MP: 2/4
   962 | D:2      | Reached skill level 4 in Unarmed Combat
   962 | D:2      | Reached XP level 3. HP: 16/20 MP: 6/6
  1048 | D:2      | Noticed Terence
  1225 | D:2      | Reached XP level 4. HP: 13/25 MP: 7/7
  1576 | D:2      | Killed Terence
  1576 | D:2      | Reached skill level 5 in Unarmed Combat
  1672 | D:2      | Noticed Ijyb
  1709 | D:2      | Killed Ijyb
  1709 | D:2      | Reached skill level 1 in Armour
  1766 | D:2      | Found an iron altar of Okawaru.
  1767 | D:2      | Found a shimmering altar of Xom.
  1818 | D:2      | Reached XP level 5. HP: 26/29 MP: 9/9
  2061 | D:3      | Noticed Jessica
  2076 | D:3      | Killed Jessica
  2373 | D:3      | Found a stormy altar of Qazlal.
  2420 | D:3      | Reached XP level 6. HP: 19/34 MP: 10/10
  2822 | D:4      | Reached skill level 6 in Unarmed Combat
  2979 | D:4      | Reached XP level 7. HP: 11/38 MP: 10/12
  3558 | D:4      | Noticed Duvessa
  3558 | D:4      | Noticed Dowan
  3659 | D:4      | Noticed Natasha
  3680 | D:4      | Reached skill level 5 in Armour
  3680 | D:4      | Reached skill level 7 in Unarmed Combat
  3687 | D:4      | Killed Natasha
  4057 | D:5      | Entered Level 5 of the Dungeon
  4262 | D:5      | Reached XP level 8. HP: 34/45 MP: 11/13
  4555 | D:5      | Reached skill level 8 in Unarmed Combat
  4792 | D:4      | Noticed Natasha
  4797 | D:4      | Killed Natasha
  4828 | D:4      | Killed Duvessa
  4836 | D:4      | Killed Dowan
  5084 | D:4      | Got a pair of twisted boots
  5089 | D:4      | Identified the +2 pair of boots "Niotuit" {Str+3} (You found it on level 4 of the Dungeon)
  5124 | D:4      | Noticed Natasha
  5128 | D:4      | Killed Natasha
  5348 | D:6      | Found a shimmering altar of Xom.
  5369 | D:6      | Reached skill level 5 in Fighting
  5376 | D:7      | Noticed Joseph
  5802 | D:6      | Reached skill level 9 in Unarmed Combat
  5802 | D:6      | Reached XP level 9. HP: 53/55 MP: 14/14
  6251 | D:7      | Killed Joseph
  6382 | D:8      | Found Gapad Jou's Assorted Antiques.
  6385 | D:8      | Bought a scroll labeled GUMOL FIKHLO for 26 gold pieces
  6385 | D:8      | Bought a scroll labeled GUMOL FIKHLO for 26 gold pieces
  6385 | D:8      | Bought a scroll labeled STARIGG EDARHU for 26 gold pieces
  6464 | D:7      | Found a staircase to the Ecumenical Temple.
  6500 | Temple   | Entered the Ecumenical Temple
  6524 | Temple   | Became a worshipper of Cheibriados the Contemplative
  6543 | Temple   | Learned a level 4 spell: Ice Form
  6690 | D:7      | Got a steaming robe
  7276 | D:7      | Reached skill level 10 in Unarmed Combat
  7307 | D:7      | Noticed Sigmund
  7317 | D:7      | Killed Sigmund
  7432 | D:7      | Identified the +1 robe of Lowyngoj {Dex+3 Int-3} (You found it on level 7 of the Dungeon)
  7548 | D:7      | Gained mutation: You have large cloven feet. [mutagenic meat]
  7549 | D:7      | Gained mutation: You are partially covered in rugged brown scales (AC +1, +3% HP). [mutagenic meat]
  7697 | D:8      | Found a staircase to the Lair.
  7713 | Lair:1   | Entered Level 1 of the Lair of Beasts
  7841 | Lair:1   | Reached XP level 10. HP: 65/65 MP: 16/16
  7864 | Lair:1   | Reached skill level 1 in Ice Magic
  7929 | Lair:1   | Noticed a spiny frog
  7943 | Lair:1   | Killed a spiny frog
  8854 | Lair:1   | Reached skill level 5 in Ice Magic
  9150 | Lair:2   | Noticed a black mamba
  9166 | Lair:2   | Reached skill level 5 in Transmutations
  9255 | Lair:2   | HP: 3/78 [green rat (4)]
  9255 | Lair:2   | Mangled by a black mamba

Action                   |  1- 3 |  4- 6 |  7- 9 | 10-12 || total
-------------------------+-------+-------+-------+-------++-------
Melee: Unarmed           |   104 |   310 |   564 |   147 ||  1125
 Fire: Hunting sling     |     3 |    14 |     5 |       ||    22
Throw: Throwing net      |       |       |     3 |     2 ||     5
 Cast: Beastly Appendage |    11 |    25 |    55 |    14 ||   105
       Ice Form          |       |       |       |     2 ||     2
Invok: Bend Time         |       |       |       |     1 ||     1
Evoke: Wand              |       |       |     1 |     4 ||     5
  Use: Scroll            |       |       |    12 |     4 ||    16
       Potion            |       |       |     4 |     1 ||     5
 Stab: Held in net/web   |       |       |     1 |     1 ||     2
       Confused          |       |       |     1 |       ||     1
  Eat: Chunk             |     1 |     7 |    19 |     4 ||    31
       Fruit             |       |       |     1 |       ||     1
